 Dungeon Crawl Stone Soup version 0.25.1-1-g288607f5aa (webtiles) character file.

Game seed: 2787933863886080133

57054 Acheron the Cleaver (level 14, 0/119 HPs)
             Began as a Hill Orc Fighter on June 28, 2020.
             Was a High Priest of Okawaru.
             Splashed by an oklob plant's acid (16 damage)
             ... on level 4 of the Lair of Beasts on July 20, 2020.
             The game lasted 03:28:11 (24798 turns).

Acheron the Cleaver (Hill Orc Fighter)             Turns: 24798, Time: 03:28:12

Health: 0/119      AC: 16    Str: 19 (20) XL:     14   Next: 84%
Magic:  21/21      EV: 13    Int:  9 (12) God:    Okawaru [*****.]
Gold:   1243       SH:  4    Dex: 10 (13) Spells: 7/22 levels left

rFire    . . .     SeeInvis .   w - +1 war axe (flame)
rCold    . . .     Gourm    .   y - +0 buckler
rNeg     . . .     Faith    .   h - +0 swamp dragon scales
rPois    +         Spirit   .   X - +0 helmet {Int+3}
rElec    .         Reflect  .   B - +2 cloak
rCorr    .         Harm     .   a - +2 pair of gloves
MR       +....                  V - +1 pair of boots
Stlth    +++.......             (no amulet)
HPRegen  0.29/turn              o - +4 ring of protection
MPRegen  0.17/turn              N - ring of wizardry

@: corroded, very slightly contaminated, invisible
A: no striking features
a: Heroism, Finesse, Renounce Religion


You were on level 4 of the Lair of Beasts.
You worshipped Okawaru.
Okawaru was extremely pleased with you.
You were not hungry.

You visited 5 branches of the dungeon, and saw 25 of its levels.
You also visited: Sewer.

You collected 1456 gold pieces.
You spent 213 gold pieces at shops.

Inventory:

Hand Weapons
 t - the +2 demon blade of the Lettuce {venom, *Noise rN++ Dex+3 SInv}
   (Okawaru gifted it to you on level 2 of the Lair of Beasts)

   It poisons the flesh of those it strikes.
   It affects your dexterity (+3).
   It greatly protects you from negative energy.
   It lets you see invisible.
   It may make noises in combat.
 w - a +1 war axe of flaming (weapon)
 E - the +3 dagger "Teesomn" {holy, Int+3, unknown}
   (Okawaru gifted it to you on level 5 of the Lair of Beasts)

   It has been blessed by the Shining One to cause great damage to the undead
   and demons.
   It affects your intelligence (+3).
 O - a +3 war axe of electrocution
Missiles
 k - a throwing net
 s - 6 boomerangs (quivered)
 G - 5 javelins
 Y - 2 atropa-tipped darts
Armour
 a - a +2 pair of gloves (worn)
 c - +2 acid dragon scales
 h - +0 swamp dragon scales (worn)
 y - a +0 buckler (worn)
 B - a +2 cloak (worn)
 V - a +1 pair of boots (worn)
 X - a +0 helmet of intelligence (worn)
 Z - the +3 hat of Pondering {ponderous, MR+ MP+10 Int+5}
   (You took it off Gastronok on level 3 of the Lair of Beasts)

   It affects your intelligence (+5).
   It affects your resistance to hostile enchantments.
   It affects your magic capacity (+10).
Jewellery
 o - a +4 ring of protection (left hand)
 x - an uncursed ring of see invisible
 M - an uncursed ring of flight
 N - a ring of wizardry (right hand)
Wands
 d - a wand of clouds (3)
 n - a wand of flame (18)
 A - a wand of polymorph (4)
 C - a wand of iceblast (51)
 F - a wand of disintegration (18)
 I - a wand of paralysis (5)
 L - a wand of acid (6)
Scrolls
 e - 10 scrolls of teleportation
 u - 3 scrolls of amnesia
 v - 6 scrolls of magic mapping
 J - 2 scrolls of fear
 K - a scroll of fog
 S - 2 scrolls of remove curse
 T - a scroll of blinking
Potions
 g - a potion of lignification
 j - 5 potions of flight
 m - 6 potions of heal wounds
 p - 14 potions of curing
 q - 2 potions of haste
 z - 2 potions of resistance
 D - 3 potions of cancellation
 H - a potion of berserk rage {unknown}
 R - 2 potions of stabbing {unknown}
 W - 2 potions of might
Miscellaneous
 l - a box of beasts
Comestibles
 f - 19 rations


   Skills:
 * Level 9.6 Fighting
 * Level 14.4 Axes
 * Level 7.0 Throwing
 * Level 8.5 Armour
 * Level 6.0 Dodging
 * Level 7.7 Stealth
 - Level 4.4 Shields
 * Level 4.6 Spellcasting
 + Level 4.1 Conjurations
 + Level 3.0 Hexes
 * Level 4.2 Summonings
 * Level 5.1 Necromancy
 + Level 4.2 Translocations
 * Level 4.9 Fire Magic
 + Level 3.1 Ice Magic
 * Level 6.7 Invocations
 * Level 6.5 Evocations


You had 7 spell levels left.
You knew the following spells:

 Your Spells              Type           Power        Failure   Level  Hunger
a - Apportation           Tloc           #.....       2%          1    #......
b - Animate Skeleton      Necr           N/A          1%          1    #......
c - Call Imp              Summ           #.......     4%          2    ##.....
d - Magic Dart            Conj           #...         3%          1    #......
e - Blink                 Tloc           N/A          4%          2    ##.....
f - Conjure Flame         Conj/Fire      ##......     8%          3    ###....
g - Ensorcelled Hibernat  Hex/Ice        #.....       7%          2    ##.....
h - Portal Projectile     Hex/Tloc       #.....       11%         3    ###....

Your spell library contained the following spells:

 Spells                   Type           Power        Failure   Level  Hunger
 Summon Small Mammal      Summ           #...         2%          1    #......
 Corona                   Hex            #......      4%          1    #......
 Freeze                   Ice            #...         4%          1    #......
 Shock                    Conj/Air       #...         7%          1    #......
 Slow                     Hex            #.......     7%          2    ##.....
 Inner Flame              Hex/Fire       #.......     9%          3    ###....
 Dazzling Flash           Conj/Hex       #.....       11%         3    ###....
 Frozen Ramparts          Ice            #.....       13%         3    ###....
 Confusing Touch          Hex            #.......     14%         3    ###....
 Tukima's Dance           Hex            #.......     14%         3    ###....
 Ozocubu's Armour         Chrm/Ice       #.......     24%         3    ###....
 Sticky Flame             Conj/Fire      ##......     24%         4    #####..
 Mephitic Cloud           Conj/Pois/Air  #.......     26%         3    ###....
 Hailstorm                Conj/Ice       #.......     32%         4    #####..
 Summon Ice Beast         Ice/Summ       #.......     32%         4    #####..
 Cause Fear               Hex            #.........   41%         4    #####..
 Leda's Liquefaction      Hex/Erth       #.........   61%         4    #####..
 Bolt of Magma            Conj/Fire/Erth #.........   75%         5    ######.
 Borgnjor's Vile Clutch   Necr/Erth      #.........   80%         5    ######.
 Iskenderun's Battlesphe  Conj/Chrm      #.......     86%         5    ######.
 Lightning Bolt           Conj/Air       #.........   86%         5    ######.
 Silence                  Hex/Air        #.........   90%         5    ######.
 Shadow Creatures         Summ           N/A          98%         6    #######
 Darkness                 Hex            #.........   99%         6    #######
 Conjure Ball Lightning   Conj/Air       #.........   100%        6    #######
 Iron Shot                Conj/Erth      #.........   100%        6    #######
 Orb of Destruction       Conj           #.........   100%        7    #######
 Spellforged Servitor     Conj/Summ      #.........   100%        7    #######


Dungeon Overview and Level Annotations

Branches:
Dungeon (14/15)            Temple (1/1) D:4            Lair (6/6) D:9
 Shoals (0/4) Lair:3        Snake (2/4) Lair:2        Slime (0/5) Lair:5
    Orc (2/2) D:12          Sewer (visited)
    Elf: Orc:2       Vaults: D:13-14

Altars:
Ashenzari
Cheibriados
Dithmenos
Elyvilon
Fedhas
Gozag
Hepliaklqana
Kikubaaqudgha
Makhleb
Nemelex Xobeh
Okawaru
Qazlal
Ru
Sif Muna
Trog
Uskayaw
Vehumet
Wu Jian
Xom
Yredelemnul
Zin
The Shining One

Shops:
D:6 *   D:9 %   D:13 }

Annotations:
D:13 exclusion: downstairs
Lair:3 Rupert
Lair:4 exclusion: 2 oklob plants


Message History

You slash the oklob plant! You burn the oklob plant.
You destroy the oklob plant!
Okawaru accepts your kill.
You catch the helpless oklob plant completely off-guard!
You hit the oklob plant but do no damage.
Your one-headed hydra skeleton bites the oklob plant.
The oklob plant spits acid past the oklob plant.
Your one-headed hydra skeleton bites the oklob plant!
The oklob plant spits acid at you.
The splash of acid hits you but does no damage.
You are splashed with acid!
* * * LOW HITPOINT WARNING * * *
Your one-headed hydra skeleton bites the oklob plant but does no damage.
You hit the oklob plant but do no damage.
The oklob plant is almost destroyed.
The oklob plant spits acid at you. The splash of acid hits you!
* * * LOW HITPOINT WARNING * * *
You are splashed with acid!
You die...

####### #?$$.$# #|[.)$# #.$.$.#
#.@...# #####P.$P$#
#######...#Z....#####
####.#P#.#...........PP###### #
##.#.....%).............PP...# ##
.....#.##..PP....###.........# #.
..##.........#..#.#.#........###.
≈≈.......#.....≈≈≈...t.....P..##.
≈≈...........≈≈≈≈≈≈............#.


You could see 2 oklob plants, a crocodile (wandering) and a friendly one-headed
hydra skeleton.

Vanquished Creatures
  Gastronok (Lair:3)
  5 hydras
  A catoblepas (Lair:6)
  A naga warrior (Snake:1)
  2 two-headed ogres
  2 anacondas (Snake:1)
  A centaur warrior (D:13)
  4 death yaks (Lair:6)
  Urug (Lair:3)
  2 shock serpents (Snake:1)
  An unseen horror (D:12)
  A necromancer (Lair:4)
  An ugly thing (D:11)
  A salamander (Snake:1)
  2 oklob plants (Lair:4)
  A manticore (Lair:6)
  A cyclops (D:12)
  5 black mambas
  An eye of devastation (Lair:5)
  2 gargoyles
  10 spiny frogs
  A rime drake (Lair:5)
  4 komodo dragons
  A kobold demonologist (D:11)
  Maggie (D:6)
  A jumping spider (Lair:3)
  2 tengu conjurers (D:11)
  A meliai (D:14)
  4 trolls
  6 polar bears (Lair:1)
  Grinder (D:5)
  13 blink frogs
  12 hippogriffs
  2 snapping turtles
  A vampire (D:10)
  2 wraiths
  2 wyverns
  2 basilisks
  A hungry ghost (D:11)
  41 yaks
  3 vampire mosquitoes (D:14)
  3 acid dragons
  6 nagas (Snake:1)
  15 water moccasins
  8 porcupines
  A hornet zombie (D:6)
  4 sky beasts
  An ice beast (D:6)
  2 elephant zombies (Lair:4)
  6 black bears
  3 phantoms
  An eye of draining (Lair:5)
  8 ogres
  10 centaurs
  12 crocodiles
  11 wolves
  4 big kobolds
  16 bullfrogs
  A komodo dragon zombie (Lair:4)
  A wyvern skeleton (D:13)
  2 scorpions
  7 killer bees
  3 wights (D:7)
  3 electric eels
  A bullfrog zombie (D:8)
  4 crimson imps
  2 centaur zombies
  3 bullfrog skeletons
  7 jellies
  2 orc priests
  6 hounds
  Crazy Yiuf (D:4)
  5 centaur skeletons
  3 iguanas
  6 orc wizards
  9 worker ants
  2 hound zombies
  3 hound skeletons
  11 adders
  3 shadow imps
  An adder zombie (D:8)
  5 worms
  2 dart slugs (D:1)
  3 leopard geckos
  32 orcs
  6 ball pythons
  7 giant cockroaches
  4 goblins (D:1)
  7 hobgoblins
  3 jackals
  7 quokkas
  5 bats
  5 frilled lizards
  A jackal skeleton (D:5)
  A jackal zombie (D:8)
  21 kobolds
  A leopard gecko zombie (D:7)
  2 quokka zombies
  10 rats
466 creatures vanquished.

Vanquished Creatures (collateral kills)
  A hydra (Lair:4)
  2 catoblepae (Lair:6)
  A death yak (Lair:6)
  2 sea snakes (Snake:1)
  A manticore (Lair:6)
  2 black mambas (Lair:2)
  2 komodo dragons (Lair:6)
  A hippogriff (Lair:2)
  4 blink frogs
  9 yaks
  2 nagas (Snake:1)
  4 water moccasins
  A porcupine (Lair:2)
  3 black bears (Lair:1)
  A wolf (Lair:5)
  3 crocodiles
  A bullfrog (Lair:2)
  2 scorpions
  An electric eel (Lair:5)
  A mummy (D:6)
  An adder (Lair:2)
  2 fungi
  2 plants
49 creatures vanquished.

Vanquished Creatures (others)
  A wolf (Lair:5)
  8 fungi
  16 plants
25 creatures vanquished.

Grand Total: 540 creatures vanquished

Notes
Turn   | Place    | Note
-------+----------+-------------------------------------------
     0 | D:1      | Acheron the Hill Orc Fighter began the quest for the Orb.
     0 | D:1      | Reached XP level 1. HP: 19/19 MP: 1/1
   136 | D:1      | Reached XP level 2. HP: 22/27 MP: 2/2
   234 | D:1      | Reached skill level 1 in Stealth
   584 | D:1      | Reached XP level 3. HP: 30/33 MP: 3/3
  1057 | D:3      | Found a glowing drain.
  1074 | Sewer    | Entered a sewer
  1085 | Sewer    | Reached skill level 1 in Throwing
  1103 | Sewer    | Reached skill level 3 in Axes
  1223 | Sewer    | Reached XP level 4. HP: 25/40 MP: 4/4
  1551 | Sewer    | Noticed a big kobold
  1573 | Sewer    | Killed a big kobold
  1573 | Sewer    | Reached XP level 5. HP: 38/46 MP: 5/5
  1921 | Sewer    | Reached skill level 4 in Axes
  2666 | D:4      | Reached XP level 6. HP: 37/52 MP: 6/6
  2883 | D:4      | Reached skill level 1 in Dodging
  2907 | D:5      | Entered Level 5 of the Dungeon
  3047 | D:4      | Reached skill level 5 in Axes
  3047 | D:4      | Reached XP level 7. HP: 52/59 MP: 7/7
  3348 | D:4      | You fall into a shaft and drop 1 floor!
  3404 | D:6      | Found Pouturr's Assorted Antiques.
  3752 | D:6      | Bought a scroll labeled UTTEOG AFOUGAD for 28 gold pieces
  3988 | D:7      | Reached skill level 6 in Axes
  3988 | D:7      | Reached XP level 8. HP: 58/67 MP: 8/8
  4298 | D:8      | Reached skill level 1 in Evocations
  4337 | D:8      | Reached skill level 5 in Fighting
  4360 | D:8      | Found a blossoming altar of Fedhas.
  4656 | D:8      | Reached skill level 5 in Armour
  4677 | D:8      | Reached skill level 7 in Axes
  5045 | D:6      | Noticed Maggie
  5142 | D:7      | Reached XP level 9. HP: 74/74 MP: 10/10
  5378 | D:8      | Reached skill level 8 in Axes
  5399 | D:8      | Found a shimmering altar of Xom.
  5422 | D:10     | Entered Level 10 of the Dungeon
  5690 | D:9      | Found a glowing silver altar of Zin.
  5693 | D:9      | Found a glowing golden altar of the Shining One.
  5695 | D:9      | Found a sacrificial altar of Ru.
  5726 | D:9      | Found an ancient bone altar of Kikubaaqudgha.
  5999 | D:9      | Reached skill level 9 in Axes
  6283 | D:9      | Found a white marble altar of Elyvilon.
  6295 | D:9      | Found a staircase to the Lair.
  6309 | D:9      | Upgraded the game from 0.25.0-15-gac7dcb8919 to
                  | 0.25.0-17-g773c8c6189
  6365 | D:9      | Learned a level 1 spell: Apportation
  6409 | D:9      | Found Awnomot's Food Shop.
  6411 | D:9      | Noticed a troll
  6829 | D:10     | Reached skill level 5 in Stealth
  7093 | D:10     | Reached XP level 10. HP: 83/83 MP: 12/12
  7233 | D:10     | Reached skill level 1 in Translocations
  7233 | D:10     | Reached skill level 1 in Spellcasting
  7966 | D:11     | Reached skill level 10 in Axes
  8155 | D:11     | Noticed a gargoyle
  8164 | D:11     | Killed a gargoyle
  8282 | D:11     | Learned a level 1 spell: Animate Skeleton
  8960 | D:5      | Noticed Grinder
  8985 | D:5      | Got a jewelled leather armour
  9153 | D:5      | Reached skill level 5 in Throwing
  9489 | D:4      | Found a runed translucent door.
  9490 | D:4      | Noticed Crazy Yiuf
  9497 | D:4      | Killed Crazy Yiuf
  9667 | D:4      | Found a staircase to the Ecumenical Temple.
  9831 | Temple   | Entered the Ecumenical Temple
 10052 | Temple   | Became a worshipper of Warmaster Okawaru
 10133 | D:5      | Found an opulent altar of Gozag.
 10366 | D:6      | Bought a fuming yellow potion for 25 gold pieces
 10366 | D:6      | Bought a metallic amethyst potion for 25 gold pieces
 10975 | D:8      | Reached skill level 1 in Necromancy
 11221 | D:8      | Reached skill level 1 in Invocations
 11302 | D:8      | Reached XP level 11. HP: 65/91 MP: 14/14
 11307 | D:8      | Reached * piety under Okawaru
 11469 | D:8      | Identified the Grimoire of Conjuration
 11474 | D:8      | Learned a level 2 spell: Call Imp
 11476 | D:8      | Learned a level 1 spell: Magic Dart
 11480 | D:8      | Learned a level 3 spell: Conjure Flame
 12203 | D:11     | Noticed a two-headed ogre
 12211 | D:11     | Killed a two-headed ogre
 12211 | D:11     | Reached skill level 11 in Axes
 12431 | D:11     | Noticed a brown ugly thing
 12459 | D:11     | Killed a brown ugly thing
 13324 | D:5      | Killed Grinder
 13565 | D:9      | Upgraded the game from 0.25.0-17-g773c8c6189 to
                  | 0.25.1-1-g288607f5aa
 13568 | D:9      | Learned a level 2 spell: Blink
 13744 | D:6      | Killed Maggie
 14534 | D:12     | Noticed a two-headed ogre
 14547 | D:12     | Killed a two-headed ogre
 14547 | D:12     | Reached ** piety under Okawaru
 14547 | D:12     | Reached skill level 1 in Summonings
 14555 | D:12     | Reached skill level 1 in Conjurations
 14555 | D:12     | Reached skill level 1 in Fire Magic
 14569 | D:12     | Found a staircase to the Orcish Mines.
 14601 | D:12     | Noticed an unseen horror
 14712 | D:12     | Learned a level 2 spell: Ensorcelled Hibernation
 14730 | D:12     | Killed an unseen horror
 15002 | D:13     | Noticed a centaur warrior
 15018 | D:13     | Killed a centaur warrior
 15134 | D:13     | Identified the +3 leather armour of the Lute {Str+6} (You
                  | found it on level 5 of the Dungeon)
 15159 | D:13     | Found Malosyuv's Gadget Shoppe.
 15162 | D:13     | Bought a wand of iceblast (5) for 135 gold pieces
 15242 | D:13     | Reached XP level 12. HP: 75/100 MP: 16/16
 15473 | D:14     | Reached *** piety under Okawaru
 15833 | D:14     | Noticed a five-headed hydra
 15853 | D:14     | Killed a one-headed hydra
 15853 | D:14     | Reached skill level 1 in Hexes
 15853 | D:14     | Reached skill level 1 in Ice Magic
 15855 | D:14     | Reached skill level 5 in Evocations
 16437 | D:12     | Reached skill level 12 in Axes
 16851 | Orc:1    | Entered Level 1 of the Orcish Mines
 16854 | Orc:2    | Entered Level 2 of the Orcish Mines
 17178 | Lair:1   | Entered Level 1 of the Lair of Beasts
 17232 | Lair:1   | Reached **** piety under Okawaru
 17369 | Lair:1   | Reached ***** piety under Okawaru
 17955 | Lair:2   | Noticed an eight-headed hydra
 17968 | Lair:2   | Killed a five-headed hydra
 17968 | Lair:2   | Reached skill level 5 in Dodging
 18040 | Lair:2   | Reached XP level 13. HP: 72/108 MP: 15/18
 18048 | Lair:2   | Received a gift from Okawaru
 18135 | Lair:2   | Got a glimmering demon blade {god gift}
 18291 | Lair:2   | Found a staircase to the Snake Pit.
 18366 | Lair:2   | Noticed Nergalle
 18370 | Lair:2   | Noticed Nergalle
 18370 | Lair:2   | Nergalle changed into Nergalle the snapping turtle
 18375 | Lair:2   | Killed Nergalle the snapping turtle
 19101 | Lair:3   | Found a staircase to the Shoals.
 19158 | Lair:3   | Noticed Urug
 19175 | Lair:3   | Killed Urug
 19175 | Lair:3   | Reached skill level 5 in Invocations
 19201 | Lair:3   | Noticed Snorg
 19204 | Lair:3   | Noticed Snorg
 19204 | Lair:3   | Snorg changed into Snorg the jumping spider
 19212 | Lair:3   | Killed Snorg the jumping spider
 19310 | Lair:3   | Noticed Rupert
 19452 | Lair:3   | Identified the +2 demon blade of the Lettuce {venom, *Noise
                  | rN++ Dex+3 SInv} (Okawaru gifted it to you on level 2 of
                  | the Lair of Beasts)
 19527 | Lair:3   | Received a gift from Okawaru
 19580 | Lair:3   | Found a shadowy altar of Dithmenos.
 19663 | Lair:3   | Reached skill level 13 in Axes
 19715 | Lair:3   | Noticed Gastronok
 19743 | Lair:3   | Killed Gastronok
 20647 | Lair:4   | Received a gift from Okawaru
 21219 | Lair:5   | Found a staircase to the Slime Pits.
 21598 | Lair:5   | Reached XP level 14. HP: 107/118 MP: 9/20
 21905 | Lair:5   | Received a gift from Okawaru
 21909 | Lair:5   | Got a slimy dagger {god gift}
 22099 | Lair:6   | Entered Level 6 of the Lair of Beasts
 22643 | Lair:6   | Received a gift from Okawaru
 22811 | Lair:6   | Found a sparkling altar of Nemelex Xobeh.
 23077 | Lair:6   | Learned a level 3 spell: Portal Projectile
 23316 | Lair:6   | Reached skill level 14 in Axes
 23322 | Lair:6   | Received a gift from Okawaru
 23322 | Lair:6   | Reached ****** piety under Okawaru
 23377 | Lair:6   | Got a dazzling hat {god gift}
 23390 | Lair:6   | Identified the +1 hat of Tulips {rC+} (Okawaru gifted it to
                  | you on level 6 of the Lair of Beasts)
 23791 | Snake:1  | Entered Level 1 of the Snake Pit
 24299 | Snake:1  | Reached skill level 5 in Necromancy
 24798 | Lair:4   | Splashed by an oklob plant's acid

Illustrated notes

Levels and vault maps discovered:
D:1:      giann_forest_graveyard, layout_basic, minmay_tetromino_o4
D:2:      layout_loops_ring, nicolae_overflow_crystal_walls, first_ration
D:3:      layout_basic, gup_sewer_entry_glass
D:4:      layout_gridville, minmay_temple_entry_tees, uniq_crazy_yiuf_cottage
D:5:      layout_rooms, grunt_gozag_breadcrumbs, uniq_grinder
D:6:      layout_rooms, serial_shops, nicolae_shop_overgrown_old_shop,
          gup_ossuary_entry_pyramid, uniq_maggie
D:7:      layout_basic
D:8:      minmay_the_grid_triangle_9x9_recursive_2
          [minmay_the_grid_triangle_9x9_prize_top_heavy,
          minmay_the_grid_triangle_9x9_windchime,
          minmay_the_grid_triangle_9x9_dagger,
          minmay_the_grid_triangle_9x9_corrupted_corridor], layout_basic,
          lemuel_crystal_altar, serial_curves, eino_curves_04, eino_curves_01,
          fedhas_bush_and_centaur_altar
D:9:      layout_basic, elyvilon_altar_3, grunt_temple_overflow_open,
          lair_entry_dummy, basic_altar, serial_shops, shop
D:10:     layout_stronghold
D:11:     layout_stronghold
D:12:     layout_grid_maze, orc_0_dummy
D:13:     layout_rooms, serial_shops, kennysheep_mini_moat
D:14:     layout_basic, grunt_vaults_entry_tiered, special_room
          [special_room_bee], uniq_roxanne
Temple:   regret_index_temple_generic_petals
Lair:1:   beast_lair_carwin_large_4, layout_regular_city
Lair:2:   layout_cave_pods, minmay_snake_entry_six_corridors, uniq_nergalle
Lair:3:   layout_chaotic_city, minmay_shoals_entry_hut, basic_altar,
          grunt_megastairs_5, uniq_gastronok, uniq_rupert, uniq_snorg, uniq_urug
Lair:4:   pond_and_an_island_with_a_cottage, layout_misc_corridors,
          minmay_lair_oklob_chamber, infiniplex_staircase_pool_2
Lair:5:   layout_roguey, minmay_slime_entry_eyes, nicolae_quartered_pool_little,
          minivault_27
Lair:6:   evilmike_catoblepas_cave, layout_gridlike, basic_altar
Snake:1:  layout_onion_interference, serial_bayou_lagoon_b, serial_bayou_shore_b
Snake:2:  layout_rooms, lemuel_fruit_tree, minmay_shoptagon,
          serial_bayou_shore_b
Orc:1:    layout_caves, portal_ice_cave_demonic_guard, uniq_josephine
Orc:2:    st_orc_pillars, layout_caves, uniq_sonja

Skill      XL: |  1  2  3  4  5  6  7  8  9 10 11 12 13 14 |
---------------+-------------------------------------------+-----
Stealth        | 1 2 3 4 5 6 7 |  7.7
Throwing       | 1 2 3 4 5 6 7 |  7.0
Axes           | 3 4 5 6 7 9 10 11 12 13 14 | 14.4
Fighting       | 4 5 6 7 8 9 |  9.6
Armour         | 4 5 6 7 8 |  8.5
Shields        | 4 |  4.4
Dodging        | 1 2 3 4 5 6 |  6.0
Evocations     | 2 3 4 5 6 |  6.5
Translocations | 2 3 4 |  4.2
Spellcasting   | 2 3 4 |  4.6
Necromancy     | 1 2 3 4 5 |  5.1
Invocations    | 1 3 4 5 6 |  6.7
Summonings     | 1 2 3 4 |  4.2
Conjurations   | 1 2 3 4 |  4.1
Fire Magic     | 1 2 3 4 |  4.9
Hexes          | 2 3 |  3.0
Ice Magic      | 2 3 |  3.1

Action                   |  1- 3 |  4- 6 |  7- 9 | 10-12 | 13-15 || total
-------------------------+-------+-------+-------+-------+-------++-------
Melee: War axe           |   119 |   170 |   332 |   697 |   616 ||  1934
Throw: Dart              |     8 |     6 |     1 |       |       ||    15
       Boomerang         |       |       |     4 |    34 |    16 ||    54
 Cast: Call Imp          |       |       |       |    16 |     6 ||    22
       Animate Skeleton  |       |       |       |    29 |    89 ||   118
       Apportation       |       |       |       |     2 |       ||     2
Invok: Heroism           |       |       |       |    15 |    20 ||    35
Evoke: Wand              |       |       |     1 |    21 |     8 ||    30
  Use: Scroll            |     3 |     5 |    12 |    12 |     5 ||    37
       Potion            |       |     1 |     2 |     1 |     6 ||    10
 Stab: Paralysed         |       |       |     2 |     9 |       ||    11
       Sleeping          |       |       |       |    15 |     8 ||    23
       Distracted        |       |       |       |     4 |    12 ||    16
       Invisible         |       |       |       |       |     7 ||     7
  Eat: Chunk             |     1 |     3 |     5 |    10 |    11 ||    30
       Ration            |       |     1 |     3 |     9 |     4 ||    17
Armor: Scale mail        |    57 |    85 |   114 |    17 |       ||   273
       Acid dragon scale |       |       |       |    99 |       ||    99
       Swamp dragon scal |       |       |       |   187 |   234 ||   421
Dodge: Dodged            |    36 |    63 |   183 |   348 |   361 ||   991
Block: Kite shield       |    60 |    84 |    38 |       |       ||   182
       Buckler           |       |       |    75 |   158 |   129 ||   362
